 Dungeon Crawl Stone Soup version 0.21.1-1-g345015f (webtiles) character file.

274 suicidejoker the Insei (level 6, -11/42 HPs)
             Began as an Octopode Transmuter on Apr 1, 2018.
             Mangled by Pikel
             ... wielding a +2 whip of electrocution
              (20 damage)
             ... on level 4 of the Dungeon on Apr 2, 2018.
             The game lasted 00:15:57 (3711 turns).

suicidejoker the Insei (Octopode Transmuter)        Turns: 3711, Time: 00:15:59

Health: -11/42     AC:  1    Str:  9    XL:     6   Next: 24%
Magic:  2/9        EV: 14    Int: 15    God:
Gold:   190        SH:  0    Dex: 10    Spells: 6/9 levels left

rFire    + . .     SeeInvis .   t - +2 flail (protect)
rCold    . . .     Gourm    .   (no shield)
rNeg     . . .     Faith    .   (helmet restricted)
rPois    +         Spirit   .   (no amulet)
rElec    .         Reflect  .   e - ring of resist corrosion
rCorr    +         Harm     .   l - ring of protection from fire
MR       .....                  n - ring of poison resistance
Stlth    ++........             o - ring of poison resistance
HPRegen  0.14/turn              d - -5 ring of dexterity (curse)
MPRegen  0.11/turn              (no ring)
                                (no ring)
                                (no ring)

@: very slightly contaminated
A: almost no armour, stealthy swim, amphibious, 8 rings, constrict 8, camouflage
1, gelatinous body 1
a: no special abilities


You were on level 4 of the Dungeon.
You were near starving.

You visited 1 branch of the dungeon, and saw 4 of its levels.

You collected 190 gold pieces.

Inventory:

Hand Weapons
 a - a +0 spear of flaming
 g - a +3 mace
 t - a +2 flail of protection (weapon)
Missiles
 f - 102 stones (quivered)
 h - 45 bolts
 i - 46 arrows
 p - 18 poisoned needles
 s - 22 sling bullets
Jewellery
 d - a cursed -5 ring of dexterity (on tentacle)
 e - a ring of resist corrosion (left tentacle)
 l - a ring of protection from fire (right tentacle)
 n - a ring of poison resistance (on tentacle)
 o - a ring of poison resistance (on tentacle)
Scrolls
 q - a scroll of enchant armour
Books
 b - a book of Changes

   Spells                             Type                      Level
   a - Beastly Appendage              Transmutation                1
   b - Sticks to Snakes               Transmutation                2
   c - Spider Form                    Transmutation/Poison         3
   d - Ice Form                       Ice/Transmutation            4
   e - Blade Hands                    Transmutation                5
Comestibles
 c - 8 rations


   Skills:
 + Level 3.0 Fighting
 + Level 3.5 Dodging
 * Level 5.2 Unarmed Combat
 + Level 2.0 Spellcasting
 * Level 2.0 Transmutations


You had 6 spell levels left.
You knew the following spells:

 Your Spells              Type           Power        Failure   Level  Hunger
a - Beastly Appendage     Tmut           #.....       10%         1    #......
b - Sticks to Snakes      Tmut           #.......     14%         2    ###....


Dungeon Overview and Level Annotations

Branches:
Dungeon (4/15)
 Temple: D:4-7

Altars:
Ashenzari
Nemelex Xobeh
Ru
Zin

Annotations:
D:4 Dowan, Pikel


Innate Abilities, Weirdness & Mutations

You cannot wear most types of armour.
You are very stealthy in the water. (Stealth+)
You are amphibious.
You can wear up to eight rings at the same time.
You can use your tentacles to constrict eight enemies at once.
Your skin changes colour to match your surroundings (Stealth+).
Your rubbery body absorbs attacks. (AC +1, EV +1)


Message History

Your ball python constricts Pikel.
You open the door.
Dowan, Brother of Duvessa comes into view.
He is wielding a dagger.
The slave shouts! x3; You hear a shout!
Dowan gestures wildly while chanting.
Dowan blinks!
Okay, then.
You aren't carrying any potions.
Unknown command.
You aren't carrying any potions.
Unknown command.
Pikel barely misses you.
Your ball python closely misses Pikel.
Your ball python barely misses Pikel.
You closely miss Pikel. You grab Pikel. You squeeze Pikel.
Pikel is moderately wounded.
You constrict Pikel, but do no damage.
Your ball python bites Pikel.
Pikel hits you with a whip of electrocution.
* * * LOW HITPOINT WARNING * * *
You are electrocuted!
You die...

******
************################,,,,,
,,,,,*,,,*,,#....#.........#,,,,,
,,,,,*,,,*,,#....#.........#.....
,,,,**,,,*,,#....KS........#.....
,,,,**,,**,,##..@#.........#.....
,,,,,+,,***+*#...#.........#.....
,,,,,*,,,*,,####p##..##....#.....
,,,,***+**,,#..pp.#####....#..)..
*****,,,,*+*#....p#...#....#.%.p.
*,,,,,,,......'...#....+...p.
*,,,,,,,....e.#...#....#..Kp.
*,,,,,,.......#...#....#.....
*,,,,,........#..####..#..p..


You could see Pikel, 4 slaves, Dowan and a friendly ball python.

Vanquished Creatures
  The ghost of suicidejoker the Insei, an amateur OpTm (D:3)
  An orc priest (D:3)
  5 adders
  3 oozes
  2 worms
  2 dart slugs
  2 leopard geckos
  3 orcs (D:3)
  A ball python (D:3)
  5 giant cockroaches
  4 goblins
  4 hobgoblins (D:1)
  2 jackals (D:3)
  6 kobolds
  A quokka (D:4)
  7 bats
  4 frilled lizards
  8 rats
61 creatures vanquished.

Notes
Turn   | Place    | Note
-------+----------+-------------------------------------------
     0 | D:1      | suicidejoker the Octopode Transmuter began the quest for the Orb.
     0 | D:1      | Reached XP level 1. HP: 13/13 MP: 3/3
   272 | D:1      | Reached XP level 2. HP: 18/18 MP: 5/5
   781 | D:2      | Reached XP level 3. HP: 23/23 MP: 6/6
  1267 | D:2      | Found a sparkling altar of Nemelex Xobeh.
  1801 | D:3      | Reached skill level 4 in Unarmed Combat
  1867 | D:3      | Reached XP level 4. HP: 29/29 MP: 7/7
  2045 | D:3      | Noticed suicidejoker's ghost (amateur OpTm)
  2053 | D:3      | Killed suicidejoker's ghost
  2053 | D:3      | Reached XP level 5. HP: 35/35 MP: 8/8
  2172 | D:3      | Reached skill level 5 in Unarmed Combat
  2250 | D:3      | Reached XP level 6. HP: 23/41 MP: 9/9
  2861 | D:3      | Found a shattered altar of Ashenzari.
  2861 | D:3      | Found a sacrificial altar of Ru.
  2996 | D:4      | Noticed a slave
  2996 | D:4      | Noticed a slave
  3011 | D:4      | Noticed Pikel
  3011 | D:4      | Noticed a slave
  3011 | D:4      | Noticed a slave
  3378 | D:4      | Learned a level 2 spell: Sticks to Snakes
  3644 | D:4      | Found a glowing silver altar of Zin.
  3709 | D:4      | Noticed Dowan
  3711 | D:4      | Mangled by Pikel

Skill      XL: |  1  2  3  4  5  6 |
---------------+-------------------+-----
Unarmed Combat | 4 5 |  5.2
Fighting       | 2 3 |  3.0
Dodging        | 3 |  3.5
Spellcasting   | |  2.0
Transmutations | |  2.0

Action                   |  1- 3 |  4- 6 || total
-------------------------+-------+-------++-------
Melee: Unarmed           |    62 |    18 ||    80
       Constrict         |    16 |    20 ||    36
       Punch             |     4 |     3 ||     7
       Tentacles         |    15 |    12 ||    27
       Spear             |    10 |    77 ||    87
       Flail             |       |     2 ||     2
Throw: Stone             |     3 |       ||     3
 Cast: Sticks to Snakes  |       |     4 ||     4
  Use: Scroll            |     4 |     5 ||     9
       Potion            |       |     6 ||     6
 Stab: Sleeping          |     5 |     4 ||     9
  Eat: Chunk             |     2 |     5 ||     7
Armor: Skin              |     3 |     6 ||     9
Dodge: Dodged            |    42 |    63 ||   105
